 Dungeon Crawl Stone Soup version 0.28-a0-653-g7e9dba17c3 (webtiles) character file.

Game seed: 17140338551379578706

423 Zenkrye the Cudgeller (level 6, 0/50 HPs)
             Began as a Palentonga Berserker on Oct 11, 2021.
             Was a Believer of Trog.
             Splashed by a jelly's acid (5 damage)
             ... on level 4 of the Dungeon.
             The game lasted 00:05:37 (2477 turns).

Zenkrye the Cudgeller (Palentonga Berserker)        Turns: 2477, Time: 00:05:37

Health: 0/50       AC: -4    Str: 21    XL:     6   Next: 63%
Magic:  6/6        EV:  6    Int:  7    God:    Trog [**....]
Gold:   92         SH:  0    Dex: 11    Spells: 5/5 levels left

rFire   . . .      SeeInvis +   b - +0 flail
rCold   + . .      Faith    .   (no shield)
rNeg    . . .      Spirit   .   l - +0 chain mail
rPois   .          Reflect  .   (no helmet)
rElec   .          Harm     .   (no cloak)
rCorr   .          Rampage  .   (no gloves)
Will    .....                   (no barding)
Stlth   ..........              (no amulet)
HPRegen 0.16/turn               c - ring of protection from cold
MPRegen 0.10/turn               (no ring)

@: corroded
A: large, rugged brown scales 3, see invisible, deformed body, roll 1, armoured
tail
a: Rolling Charge, Renounce Religion, Berserk, Trog's Hand


You were on level 4 of the Dungeon.
You worshipped Trog.
Trog was pleased with you.
You visited 1 branch of the dungeon, and saw 4 of its levels.

You collected 92 gold pieces.

Inventory:

Hand Weapons
 a - a +0 mace
 b - a +0 flail (weapon)
Missiles
 g - 16 poisoned darts (quivered)
 h - 2 javelins
Armour
 l - a +0 chain mail (worn)
Jewellery
 c - a ring of protection from cold (left hand)
 f - a ring of ice
Scrolls
 j - a scroll of silence
Potions
 d - 3 potions of curing {@q1}
 e - a potion of cancellation


   Skills:
 - Level 3.0 Fighting
 + Level 7.6 Maces & Flails
 - Level 1.5 Armour
 - Level 1.5 Dodging


You had 5 spell levels left.
You didn't know any spells.
Your spell library was empty.

Dungeon Overview and Level Annotations

Branches:
Dungeon (4/15)
 Temple: D:4-7

Altars:
Uskayaw


Innate Abilities, Weirdness & Mutations

You are completely covered in rugged brown scales. (AC +3, +7% HP)
You have supernaturally acute eyesight. (SInv)
Armour fits poorly on your strangely shaped body.
You can roll at nearby foes to attack.
You have a long armoured tail.


Message History

You hit the bullfrog skeleton but do no damage.
The bullfrog skeleton is almost destroyed.
The bullfrog skeleton barely misses you.
You hit the bullfrog skeleton.
You destroy the bullfrog skeleton!
Trog accepts your kill.
No target in view!
HP restored.
Things that are here:
a +0 dagger; a goblin corpse You see here a book of Alchemy.
A jelly comes into view.
The jelly quivers.
You see here a scroll of enchant armour.
The jelly hits you but does no damage.
You hit the jelly. The acid corrodes you!
Your hands burn!
The jelly is lightly wounded.
The jelly hits you but does no damage.
You barely miss the jelly.
The jelly is lightly wounded.
The jelly barely misses you.
You hit the jelly but do no damage.
Your hands burn!
The jelly is lightly wounded.
The jelly hits you. The acid corrodes you!
You are splashed with acid!
You hit the jelly but do no damage.
Your hands burn!
The jelly is lightly wounded.
The jelly hits you.
You are splashed with acid!
* * * LOW HITPOINT WARNING * * *
You hit the jelly but do no damage.
Your hands burn!
* * * LOW HITPOINT WARNING * * *
You tail-slap the jelly, but do no damage.
The jelly is lightly wounded.
The jelly barely misses you.
You hit the jelly. The acid corrodes you!
Your hands burn!
* * * LOW HITPOINT WARNING * * *
The jelly is moderately wounded.
The jelly hits you.
* * * LOW HITPOINT WARNING * * *
The acid corrodes you!
You are splashed with acid.
You die...

######## ###......#
#........##
..........##
#.......J...#
#.......@...##
#.......?....#
#............##
#.............#
#.............#
#.............###..
........:..<.....#
................##
#..............##


You could see a jelly.

Vanquished Creatures
  Grinder (D:3)
  A bullfrog skeleton (D:4)
  Jessica (D:2)
  Terence (D:2)
  2 orc wizards (D:3)
  2 adders
  A white imp (D:3)
  A dart slug (D:1)
  8 orcs (D:3)
  11 ball pythons
  5 endoplasms
  5 giant cockroaches
  8 goblins
  4 jackals (D:3)
  5 bats
  3 frilled lizards
  3 kobolds
  5 rats
67 creatures vanquished.

Notes
Turn   | Place    | Note
-------+----------+-------------------------------------------
     0 | D:1      | Zenkrye the Palentonga Berserker began the quest for the
                  | Orb.
     0 | D:1      | Reached XP level 1. HP: 19/19 MP: 1/1
   366 | D:1      | Reached XP level 2. HP: 25/25 MP: 2/2
   854 | D:2      | Noticed Jessica
   861 | D:2      | Killed Jessica
   862 | D:2      | Reached skill level 4 in Maces & Flails
   862 | D:2      | Reached XP level 3. HP: 31/31 MP: 3/3
  1070 | D:2      | Found a hide-covered altar of Uskayaw.
  1112 | D:2      | Reached ** piety under Trog
  1158 | D:2      | Noticed Terence
  1175 | D:2      | Killed Terence
  1176 | D:2      | Reached skill level 5 in Maces & Flails
  1176 | D:2      | Reached XP level 4. HP: 37/37 MP: 4/4
  1335 | D:2      | Found a faded altar of an unknown god.
  1594 | D:3      | Reached XP level 5. HP: 39/43 MP: 5/5
  1649 | D:3      | Reached skill level 6 in Maces & Flails
  2028 | D:3      | Noticed Grinder
  2051 | D:3      | Killed Grinder
  2052 | D:3      | Reached skill level 7 in Maces & Flails
  2052 | D:3      | Reached XP level 6. HP: 34/50 MP: 6/6
  2477 | D:4      | Splashed by a jelly's acid

Illustrated notes

Levels and vault maps discovered:
D:1:      nzn_arrival_crosshair, layout_basic, serial_corexii_hall,
          corexii_hall_statues_t, corexii_hall_statues_i
D:2:      layout_rooms, basic_altar, shapermc_ecumenical_altar_notcrosses,
          serial_corexii_hall, corexii_hall_statues_l, corexii_hall_statues_i,
          corexii_hall_statues_l, interstate_on_off, uniq_jessica, uniq_terence
D:3:      layout_rooms, dk_noncrumbling_3, minmay_cut_off, uniq_grinder
D:4:      layout_cave_pods, chequers_serial_rivers_micro_d,
          kennysheep_generic_room_12

Skill      XL: |  1  2  3  4  5 |
---------------+----------------+-----
Maces & Flails | 4 5 7 |  7.6
Fighting       | |  3.0
Armour         | |  1.5
Dodging        | |  1.5

Action                   |  1- 3 |  4- 6 || total
-------------------------+-------+-------++-------
Melee: Mace              |    53 |    44 ||    97
       Tailslap          |     4 |    11 ||    15
       Flail             |       |    75 ||    75
Throw: Dart              |       |     4 ||     4
Invok: Berserk           |     1 |     3 ||     4
       Trog's Hand       |       |     4 ||     4
  Use: Scroll            |     3 |     4 ||     7
Armor: Animal skin       |    16 |       ||    16
       Chain mail        |       |    70 ||    70
       Scale mail        |       |    11 ||    11
       Skin              |       |     1 ||     1
Dodge: Dodged            |    31 |    46 ||    77

Table legend: (Time is in decaauts)
 A = Elapsed time spent in this place.
 B = Non-inter-level travel time spent in this place.
 C = Inter-level travel time spent in this place.
 D = Time resting spent in this place.
 E = Time spent auto-exploring this place.
 F = Levels seen in this place.
 G = Mean time per level.
                   A        B        C        D        E       F      G
               +--------+--------+--------+--------+--------+-----+--------+
         Total |   2531 |   2482 |     49 |      0 |   2006 |   4 |  632.8 |
       Dungeon |   2531 |   2482 |     49 |      0 |   2006 |   4 |  632.8 |
               +--------+--------+--------+--------+--------+-----+--------+

Top non-repeatable levels by time:
     D:3: 911 daAuts
     D:1: 845 daAuts
     D:2: 679 daAuts
     D:4: 95 daAuts
